 Dungeon Crawl Stone Soup version 0.17-a0-1910-g4c791fa (webtiles) character file.

253 Holeefuk the Shield-Bearer (level 6, -2/48 HPs)
             Began as a Formicid Fighter on Sept 25, 2015.
             Slain by Grinder (4 damage)
             ... on level 3 of the Dungeon.
             The game lasted 00:07:47 (3598 turns).

Holeefuk the Shield-Bearer (Formicid Fighter)       Turns: 3598, Time: 00:07:48

Health: -2/48      AC:  6    Str: 21    XL:     6   Next: 37%
Magic:  6/6        EV:  9    Int:  7    God:
Gold:   171        SH: 10    Dex: 12    Spells: 0 memorised, 5 levels left

rFire  . . .     SeeInvis +     a - +0 long sword
rCold  . . .     Clarity  .     b - +0 scale mail
rNeg   . . .     SustAt   .     c - +0 shield
rPois  .         Gourm    .     (helmet unavailable)
rElec  .         Spirit   .     (no cloak)
rCorr  .         Warding  .     (no gloves)
rMut   .         Stasis   +     (no boots)
MR     .....                    (no amulet)
Stlth  ..........               (no ring)
                                (no ring)

@: not resistant to hostile enchantments, extremely unstealthy
A: permanent stasis, dig shafts and tunnels, four strong arms, antennae 3
a: Dig, Shaft Self


You were on level 3 of the Dungeon.
You were near starving.

You visited 1 branch of the dungeon, and saw 4 of its levels.

You collected 171 gold pieces.

Inventory:

Hand weapons
 a - a +0 long sword (weapon)
Missiles
 r - 14 stones (quivered)
Armour
 b - a +0 scale mail (worn)
 c - a +0 shield (worn)
Jewellery
 g - an uncursed amulet of resist corrosion {unknown}
 j - a +3 ring of protection {unknown}
 w - a +3 ring of evasion {unknown}
 z - an uncursed ring of wizardry {unknown}
Scrolls
 h - 2 scrolls of blinking {unknown}
 i - a scroll of enchant armour {unknown}
 m - 2 scrolls of remove curse {unknown}
 n - a scroll of amnesia {unknown}
 q - a scroll of noise {unknown}
 s - 3 scrolls of enchant weapon {unknown}
 x - a scroll of random uselessness {unknown}
 y - a scroll of identify {unknown}
Potions
 d - a potion of might
 k - a potion of ambrosia {unknown}
 o - a potion of degeneration {unknown}
 t - 2 potions of curing {unknown}
 u - 2 potions of agility {unknown}
 v - a potion of brilliance {unknown}
Comestibles
 e - 3 bread rations
 f - 2 fruits
 l - 5 meat rations
 p - a slice of pizza


   Skills:
 - Level 4.1 Fighting
 * Level 4.0 Long Blades
 - Level 3.2 Armour
 - Level 2.7 Dodging
 - Level 4.7 Shields


You had 5 spell levels left.
You didn't know any spells.

Dungeon Overview and Level Annotations

Branches:
Dungeon (4/15)
 Temple: D:4-7

Altars:
Ru
Trog

Annotations:
D:3 Grinder
D:4 Holeefuk's ghost, average FoFi


Innate Abilities, Weirdness & Mutations

You are under a permanent stasis effect.
You can dig through walls and to a lower floor.
Your four strong arms can wield two-handed weapons with a shield.
You have a pair of large antennae on your head (SInv).


Message History

Grinder hits you.
* * * LOW HITPOINT WARNING * * *
You writhe in agony.
* * * LOW HITPOINT WARNING * * *
You barely miss Grinder.
Grinder is severely wounded.
Grinder gestures at you. You resist with some effort. Grinder gestures at you.
Your stasis keeps you stable.
You closely miss Grinder.
Grinder is severely wounded.
Grinder hits you.
* * * LOW HITPOINT WARNING * * *
You writhe in agony.
* * * LOW HITPOINT WARNING * * *
You barely miss Grinder.
Grinder is severely wounded.
Grinder hits you.
You die...

......................#
#.....##.
......................#
#...>.##.
......................#
#.......†
......................#
#.....##.
.)....................#
####.####
......................# #.#
......................######.#
......................#....#.#
#
##########...###@###.......'.#
# #####.###5.##.<.....### #
#........#.##.......# #
#..........##.......# #
#.......##.##.......# #
#.......##..#...##### ##
##########..#.......# #.
#.....####.#####.
#.#......#.......


You could see Grinder.

Vanquished Creatures
  An orc wizard (D:4)
  Ijyb (D:3)
  Robin (D:2)
  5 adders
  3 oozes
  7 worms
  A giant gecko (D:2)
  8 orcs (D:4)
  10 bats
  3 giant cockroaches
  7 hobgoblins
  9 jackals
  12 kobolds
  3 giant newts
  19 goblins
  2 quokkas
  9 rats
101 creatures vanquished.

Notes
Turn   | Place    | Note
--------------------------------------------------------------
     0 | D:1      | Holeefuk the Formicid Fighter began the quest for the Orb.
     0 | D:1      | Reached XP level 1. HP: 18/18 MP: 1/1
    41 | D:1      | Reached skill level 1 in Dodging
    57 | D:1      | Reached XP level 2. HP: 16/24 MP: 2/2
   276 | D:1      | Reached XP level 3. HP: 26/29 MP: 3/3
   544 | D:1      | You fall through a shaft!
   870 | D:2      | Reached XP level 4. HP: 30/35 MP: 4/4
  1723 | D:2      | Noticed Robin
  1752 | D:2      | Reached XP level 5. HP: 33/41 MP: 5/5
  1764 | D:2      | Killed Robin
  1787 | D:2      | Reached skill level 4 in Shields
  2123 | D:3      | Noticed a moth of wrath
  2181 | D:3      | Found a bloodstained altar of Trog.
  2651 | D:3      | Noticed Grinder
  2717 | D:3      | Noticed Ijyb
  2738 | D:3      | Killed Ijyb
  2738 | D:3      | Reached XP level 6. HP: 41/48 MP: 6/6
  2914 | D:4      | Noticed Holeefuk's ghost (average FoFi)
  3121 | D:4      | Found a sacrificial altar of Ru.
  3236 | D:3      | HP: 2/48 [poisoned by an adder]
  3243 | D:3      | HP: 1/48 [poisoned by an adder]
  3251 | D:3      | HP: 1/48 [poisoned by an adder]
  3597 | D:3      | HP: 2/48 [Grinder (6)]
  3598 | D:3      | Slain by Grinder

Vault maps used:
D:1:      matt_arrival_los_fun
D:2:      kennysheep_goblin_castle
D:3:      first_bread, tgw_trog, uniq_iyjb, uniq_grinder, uniq_robin
D:4:      hangedman_ru_absence

Action                   |  1- 3 |  4- 6 || total
-------------------------+-------+-------++-------
Melee: Long sword        |   127 |   302 ||   429
 Abil: Dig               |       |     8 ||     8
  Eat: Chunk             |       |     8 ||     8
